 Dungeon Crawl Stone Soup version 0.29-a0-393-g47a863cc1b (webtiles) character file.

Game seed: 7967342733417889410

210 quinnr the Zephyrmancer (level 5, -1/28 HPs)
             Began as a Tengu Air Elementalist on May 10, 2022.
             Succumbed to a killer bee's poison
             ... on level 4 of the Dungeon.
             The game lasted 00:05:20 (4003 turns).

quinnr the Zephyrmancer (Tengu Air Elementalist)    Turns: 4003, Time: 00:05:20

Health: -1/28      AC:  5    Str:  8    XL:     5   Next: 87%
Magic:  2/9        EV: 14    Int: 18    God:
Gold:   98         SH:  0    Dex: 14    Spells: 1/8 levels left

rFire   . . .      SeeInvis .   o - staff of air
rCold   . . .      Faith    .   (no shield)
rNeg    . . .      Spirit   .   a - +0 robe
rPois   .          Reflect  .   (helmet restricted)
rElec   +          Harm     .   (no cloak)
rCorr   .          Rampage  .   q - +2 pair of gloves
Will    .....                   (boots unavailable)
Stlth   ++........              (no amulet)
HPRegen 0.09/turn               (no ring)
MPRegen 0.11/turn               (no ring)

@: lethally poisoned (-1 -> -12), flying quickly and evasively, quick
A: beak, talons 3, nimble flight
a: no special abilities


You were on level 4 of the Dungeon.
You visited 1 branch of the dungeon, and saw 4 of its levels.

You collected 98 gold pieces.

Inventory:

Hand Weapons
 e - a +4 dagger
 j - the +5 hand axe "Iffomea" {vorpal, MP+9 Str+2}
   (You found it on level 2 of the Dungeon)

   It inflicts extra damage upon your enemies.
   Str:       It affects your strength (+2).
   MP:        It affects your magic capacity (+9).
Armour
 a - a +0 robe (worn)
 q - a +2 pair of gloves (worn)
Magical Staves
 o - a staff of air (weapon)
Jewellery
 m - an amulet of regeneration
Wands
 h - a wand of iceblast (23)
Scrolls
 c - a scroll of summoning {unknown}
 d - a scroll of amnesia {unknown}
 i - 6 scrolls of teleportation {unknown}
 k - 2 scrolls of identify {unknown}
 l - 2 scrolls of vulnerability {unknown}
 r - a scroll of enchant weapon {unknown}
 s - a scroll of blinking {unknown}
 t - a scroll of brand weapon {unknown}
 v - a scroll of fear {unknown}
Potions
 b - a potion of magic
 f - a potion of curing
 g - a potion of brilliance {unknown}
 n - a potion of cancellation {unknown}
 p - 2 potions of might {unknown}
 u - a potion of heal wounds {unknown}


   Skills:
 - Level 2.1 Dodging
 - Level 2.0 Stealth
 - Level 2.0 Spellcasting
 - Level 1.3 Conjurations
 + Level 8.4 Air Magic


You had one spell level left.
You knew the following spells:

 Your Spells              Type           Power      Damage    Failure   Level
a - Shock                 Conj/Air       100%       1d9       2%          1
b - Static Discharge      Conj/Air       29%        N/A       3%          2
c - Airstrike             Air            24%        N/A       5%          4

Your spell library contained the following spells:

 Spells                   Type           Power      Damage    Failure   Level
 Apportation              Tloc           2%         N/A       19%         1
 Swiftness                Air            48%        N/A       1%          3
 Sublimation of Blood     Necr           1%         N/A       26%         2
 Conjure Flame            Conj/Fire      4%         6-21      38%         3
 Gell's Gravitas          Tloc           1%         N/A       47%         3
 Ignite Poison            Fire/Tmut/Pois 1%         N/A       47%         3
 Lesser Beckoning         Tloc           1%         N/A       47%         3
 Fulminant Prism          Conj/Hex       2%         3d6       80%         4
 Iskenderun's Mystic Bla  Conj/Tloc      4%         2d3       80%         4
 Sticky Flame             Conj/Fire      4%         2d3       80%         4
 Petrify                  Tmut/Erth      1%         N/A       87%         4
 Irradiate                Conj/Tmut      2%         3d14      98%         5
 Lee's Rapid Deconstruct  Erth           0%         3d5*      99%         5
 Dispersal                Tloc           0%         N/A       100%        6


Dungeon Overview and Level Annotations

Branches:
Dungeon (4/15)
 Temple: D:4-7

Altars:
Yredelemnul


Innate Abilities, Weirdness & Mutations

You have a beak for a mouth.
You have claws for feet.
Your magical nature lets you fly swiftly and evasively.


Message History

The zap hits the killer bee.
The killer bee is moderately wounded.
The killer bee closely misses you. The killer bee stings you.
You are poisoned.
The killer bee poisons you!
You feel a surge of power!
The zap misses the killer bee.
The zap hits the killer bee.
The killer bee is heavily wounded.
You feel sick.
The killer bee stings you but does no damage.
The killer bee misses you.
You feel a surge of power!
The zap misses the killer bee. x2; You feel sick.
The killer bee stings you but does no damage.
The killer bee stings you.
You are lethally poisoned!
The killer bee poisons you!
You are too injured to fight recklessly!
Unknown command.
You are too injured to fight recklessly!
Unknown command.
Casting: Shock (safe; 2% risk of failure)
Confirm with . or Enter, or press ? or * to list all spells.
You feel a surge of power!
The killer bee is struck by an arc of lightning.
The killer bee is almost dead.
You resist.
You are struck by an arc of lightning.
You feel very sick. The killer bee stings you!
* * * LOW HITPOINT WARNING * * *
The killer bee barely misses you.
Unknown command.
Unknown command.
Casting: Static Discharge (safe; 3% risk of failure)
Confirm with . or Enter, or press ? or * to list all spells.
You feel a surge of power!
The killer bee is struck by an arc of lightning.
You kill the killer bee!
You resist.
You are struck by an arc of lightning.
* * * LOW HITPOINT WARNING * * *
You die...

....J.# ##.......##
.......##.........#
#..#.........# #.<..
#............# #....
#..#.........# #....
#..#J.........###....
...##...........##....
#..#
#†........##.##... #.#
#@........##..#... ...
###.......###..... ..
####....# ##....
###### ##... ##.. ##.
## #


You could see an endoplasm.

Vanquished Creatures
  A killer bee (D:4)
  A jelly (D:3)
  An orc wizard (D:3)
  A scorpion zombie (D:3)
  A hound zombie (D:3)
  3 adders
  2 dart slugs (D:2)
  8 orcs
  8 ball pythons
  5 bats
  11 endoplasms
  5 goblins
  6 hobgoblins
  A jackal (D:1)
  4 quokkas
  A ball python zombie (D:3)
  4 frilled lizards
  8 kobolds
  5 rats
76 creatures vanquished.

Vanquished Creatures (others)
  A plant (D:1)
1 creature vanquished.

Grand Total: 77 creatures vanquished

Notes
Turn   | Place    | Note
-------+----------+-------------------------------------------
     0 | D:1      | quinnr the Tengu Air Elementalist began the quest for the
                  | Orb.
     0 | D:1      | Reached XP level 1. HP: 10/10 MP: 4/4
   223 | D:1      | Reached XP level 2. HP: 15/15 MP: 1/6
   438 | D:1      | Reached skill level 5 in Air Magic
   637 | D:1      | Reached XP level 3. HP: 18/19 MP: 4/7
  1133 | D:1      | Found a faded altar of an unknown god.
  1155 | D:2      | Got the Volume of Orientation
  1270 | D:2      | Reached skill level 6 in Air Magic
  1494 | D:2      | Identified the +5 hand axe "Iffomea" {vorpal, MP+9 Str+2}
  1781 | D:2      | Reached XP level 4. HP: 24/24 MP: 8/8
  2221 | D:2      | HP: 1/24 [orc/+0 mace (2)]
  3022 | D:3      | Reached skill level 7 in Air Magic
  3082 | D:3      | Found a basalt altar of Yredelemnul.
  3092 | D:3      | Gained mutation: Your magical nature lets you fly swiftly
                  | and evasively. [Tengu growth]
  3092 | D:3      | Reached XP level 5. HP: 27/28 MP: 3/9
  3217 | D:3      | Learned a level 2 spell: Static Discharge
  3222 | D:3      | Learned a level 4 spell: Airstrike
  3368 | D:3      | Reached skill level 8 in Air Magic
  4003 | D:4      | HP: 2/28 [/static electricity (1)]
  4003 | D:4      | Succumbed to a killer bee's poison

Illustrated notes

Levels and vault maps discovered:
D:1:      psy_arrival_fountain, layout_loops_ring,
          shapermc_ecumenical_altar_mp_urbaneastern, minmay_close_crescents
D:2:      kb_forest_paths, layout_basic
D:3:      layout_basic, nicolae_yredelemnul_corpse_copse
D:4:      minmay_spotlight, layout_cave_pods, minmay_manual_moon

Skill      XL: |  1  2  3  4  5 |
---------------+----------------+-----
Air Magic      | 5 6 7 8 |  8.4
Dodging        | |  2.1
Stealth        | |  2.0
Spellcasting   | |  2.0
Conjurations   | |  1.3

Action                   |  1- 3 |  4- 6 || total
-------------------------+-------+-------++-------
Melee: Dagger            |     3 |       ||     3
       Kick              |     1 |       ||     1
       Hand axe          |       |     1 ||     1
 Cast: Shock             |    78 |    78 ||   156
       Static Discharge  |       |     2 ||     2
  Use: Potion            |       |     1 ||     1
Armor: Robe              |       |    11 ||    11
Dodge: Dodged            |    10 |    27 ||    37

Table legend: (Time is in decaauts)
 A = Elapsed time spent in this place.
 B = Non-inter-level travel time spent in this place.
 C = Inter-level travel time spent in this place.
 D = Time resting spent in this place.
 E = Time spent auto-exploring this place.
 F = Levels seen in this place.
 G = Mean time per level.
                   A        B        C        D        E       F      G
               +--------+--------+--------+--------+--------+-----+--------+
         Total |   3945 |   3902 |     43 |    140 |   3325 |   4 |  986.2 |
       Dungeon |   3945 |   3902 |     43 |    140 |   3325 |   4 |  986.2 |
               +--------+--------+--------+--------+--------+-----+--------+

Top non-repeatable levels by time:
     D:2: 1544 daAuts
     D:1: 1152 daAuts
     D:3: 1133 daAuts
     D:4: 114 daAuts
